 Dungeon Crawl Stone Soup version 0.31-a0-466-g98c9adc2b6 (webtiles) character file.

Game seed: 2000482903468338839

112 MisterAzrael the Magician (level 5, 0/37 HPs)
             Began as a Djinni Earth Elementalist on Aug 5, 2023.
             Slain by an orc
             ... wielding a +0 dagger
              (2 damage)
             ... on level 4 of the Dungeon.
             The game lasted 00:02:26 (1994 turns).

MisterAzrael the Magician (DjEE)                    Turns: 1994, Time: 00:02:27

Health: 0/37       AC:  4    Str:  4 (7)  XL:     5   Next: 16%
Gold:   126        EV: 12    Int: 16 (19) God:
                   SH:  0    Dex: 11 (13)

rFire   + + .        (no weapon)
rCold   x . .        (no shield)
rNeg    . . .        l - +2 robe {Will+}
rPois   ∞            (no helmet)
rElec   .            (no cloak)
rCorr   .            (no gloves)
SInv    .            (boots unavailable)
Will    +....        (no amulet)
Stlth   ++           (no ring)
HPRegen 0.26/turn    (no ring)
MPRegen 0.00/turn

%: infuse magic (-1 HP)
@: attractive, flying, very slightly contaminated
A: sickness immunity, fire resistance 2, cold vulnerability 1, float, innate
caster, HP casting, extra vitality 1
a: no special abilities


You were on level 4 of the Dungeon.
You visited 1 branch of the dungeon, and saw 4 of its levels.

You collected 126 gold pieces.

Inventory:

Missiles
 i - a throwing net
Armour
 a - a +0 robe
 l - a +2 robe of willpower (worn)
Scrolls
 h - a scroll of revelation {unknown}
 k - a scroll of enchant armour {unknown}
 n - a scroll of teleportation {unknown}
Potions
 f - a potion of berserk rage {unknown}
 g - a potion of enlightenment {unknown}
 j - 2 potions of degeneration
 m - a potion of lignification {unknown}
 o - a potion of brilliance {unknown}


   Skills:
 * Level 1.4 Fighting
 - Level 2.3 Dodging
 - Level 1.7 Stealth
 * Level 4.2 Spellcasting
 * Level 4.2 Conjurations
 * Level 4.2 Hexes
   Level 0.0 Charms
 * Level 4.2 Summonings
 * Level 4.2 Necromancy
 * Level 4.2 Translocations
 * Level 4.2 Transmutations
 * Level 4.2 Fire Magic
 * Level 4.2 Ice Magic
 * Level 4.2 Air Magic
 * Level 4.2 Earth Magic
 * Level 4.2 Poison Magic


You knew the following spells:

 Your Spells              Type           Power      Damage    Failure   Level
a - Sandblast             Erth           32%        2d9       3%          1
b - Passwall              Tmut/Erth      13%        N/A       4%          2
c - Stone Arrow           Conj/Erth      32%        3d9       9%          3
d - Petrify               Tmut/Erth      16%        N/A       28%         4
e - Summon Small Mammal   Summ           64%        N/A       3%          1
f - Blink                 Tloc           32%        N/A       4%          2
Your spell library was empty.

Dungeon Overview and Level Annotations

Branches:
Dungeon (4/15)
 Temple: D:4-7

Altars:
Ashenzari


Innate Abilities, Weirdness & Mutations

You are immune to sickness and miasma.
You are immune to poison.
Your flesh is very heat resistant. (rF++)
You are vulnerable to cold. (rC-)
You float through the air rather than walking.
You learn spells naturally, not from books.
Your magical power is your life essence.
You have superior vitality. (+4 MHP)


Message History

You are too confused!
You are too confused!
The orc warrior barely misses you. The orc hits you with a +0 whip.
The orc hits you with a +0 whip.
The orc warrior hits you with a +0 short sword.
The orc priest looks satisfied for a moment.
The orc warrior hits you with a +0 short sword!
The orc closely misses you.
The orc warrior hits you with a +0 short sword.
The orc completely misses you.
The orc warrior hits you with a +0 short sword.
The orc closely misses you.
You feel less invigorated.
You feel less confused. The orc closely misses you.
The orc warrior hits you with a +0 short sword.
Casting: Stone Arrow (dangerous; 9% risk of failure)
Confirm with . or Enter, or press ? or * to list all spells.
Aiming: Passwall (safe; 4% risk of failure)
Press: ? - help, Dir - move target, p - orc warrior A rock wall.
The orc warrior hits you with a +0 short sword.
* * * LOW HITPOINT WARNING * * *
The orc barely misses you.
You begin to meditate on the wall.
You continue meditating on the rock.
The orc warrior closely misses you. The orc misses you.
You continue meditating on the rock.
The orc barely misses you. The orc warrior barely misses you.
You finish merging with the rock.
Casting: Passwall (safe; 4% risk of failure)
Confirm with . or Enter, or press ? or * to list all spells.
Aiming: Stone Arrow (dangerous; 9% risk of failure)
Press: ? - help, Shift-Dir - straight line, f - orc
Aim: an orc, wielding a +0 dagger and wearing a +0 ring mail (72% to hit)
You miscast Stone Arrow.
You are very lightly contaminated with residual magic.
You feel a strange surge of energy.
* * * LOW HITPOINT WARNING * * *
x2 The orc hits you with a +0 dagger.
You die...

#. #.. ..
### .
..#..
....#.####
.......o.#
..#.#o#o##
#@#.#
#.#o#
#..o#
#####


You could see an orc.

Vanquished Creatures
  An iguana (D:2)
  An orc wizard (D:3)
  2 adders (D:2)
  A dart slug (D:1)
  An orc (D:4)
  4 ball pythons
  3 endoplasms
  A giant cockroach (D:2)
  6 goblins
  4 hobgoblins
  2 jackals (D:2)
  4 kobolds
  A quokka (D:1)
  A bat (D:1)
  A frilled lizard (D:2)
  4 rats
37 creatures vanquished.

Notes
Turn   | Place    | Note
-------+----------+-------------------------------------------
     0 | D:1      | MisterAzrael the Djinni Earth Elementalist began the quest
                  | for the Orb.
     0 | D:1      | MisterAzrael set off with the following spells memorised:
                  | Sandblast, Passwall, Stone Arrow, Petrify.
     0 | D:1      | Reached XP level 1. HP: 15/15 MP: 0/0
    77 | D:1      | Reached XP level 2. HP: 17/21 MP: 0/0
   395 | D:1      | Reached XP level 3. HP: 23/25 MP: 0/0
   395 | D:1      | Learned a level 1 spell: Summon Small Mammal
  1509 | D:2      | Reached XP level 4. HP: 29/31 MP: 0/0
  1949 | D:3      | Found a broken altar of Ashenzari.
  1961 | D:3      | Noticed an orc warrior
  1964 | D:3      | Reached skill level 1 in Fighting
  1964 | D:3      | Reached XP level 5. HP: 35/37 MP: 0/0
  1964 | D:3      | Learned a level 2 spell: Blink
  1983 | D:4      | HP: 1/37 [orc priest/divine providence (12)]
  1994 | D:4      | Slain by an orc

Illustrated notes

Levels and vault maps discovered:
D:1:      scummos_arrival_simple_crosswalls, layout_basic
D:2:      layout_loops_corners, kennysheep_donut
D:3:      layout_basic, mainiacjoe_overflow_catwalk,
          nicolae_ru_great_annihilating_truth, ashenzari_conservatory_becter,
          serial_bayou, serial_bayou_crossing, serial_bayou_pond_b,
          serial_bayou_lagoon_a, serial_bayou_pond_d,
          chequers_serial_rivers_micro_a, minmay_statues_item,
          dreamdust_princess_bridge, uniq_terence
D:4:      minmay_octagon_keep, layout_basic, grunt_temple_overflow_open,
          kennysheep_big_empty_room

Skill      XL: |  1  2  3  4 |
---------------+-------------+-----
Spellcasting   | 4 |  4.2
Conjurations   | 4 |  4.2
Hexes          | 4 |  4.2
Summonings     | 4 |  4.2
Necromancy     | 4 |  4.2
Translocations | 4 |  4.2
Transmutations | 4 |  4.2
Fire Magic     | 4 |  4.2
Ice Magic      | 4 |  4.2
Air Magic      | 4 |  4.2
Earth Magic    | 4 |  4.2
Poison Magic   | 4 |  4.2
Fighting       | 1 |  1.4
Dodging        | |  2.3
Stealth        | |  1.7

Action                     |  1- 3 |  4- 6 || total
---------------------------+-------+-------++-------
  Melee: Unarmed           |     2 |     1 ||     3
   Cast: Sandblast         |    38 |     9 ||    47
         Stone Arrow       |     3 |     6 ||     9
         Blink             |       |     1 ||     1
         Passwall          |       |     1 ||     1
    Use: Potion            |       |     7 ||     7
 Armour: Robe              |       |     6 ||     6
  Dodge: Dodged            |    12 |    32 ||    44

Table legend: (Time is in decaauts)
 A = Elapsed time spent in this place.
 B = Non-inter-level travel time spent in this place.
 C = Inter-level travel time spent in this place.
 D = Time resting spent in this place.
 E = Time spent auto-exploring this place.
 F = Levels seen in this place.
 G = Mean time per level.
                   A        B        C        D        E       F      G
               +--------+--------+--------+--------+--------+-----+--------+
         Total |   2016 |   1955 |     61 |     43 |   1656 |   4 |  504.0 |
       Dungeon |   2016 |   1955 |     61 |     43 |   1656 |   4 |  504.0 |
               +--------+--------+--------+--------+--------+-----+--------+

Top non-repeatable levels by time:
     D:2: 955 daAuts
     D:1: 949 daAuts
     D:3: 86 daAuts
     D:4: 24 daAuts
